 Dungeon Crawl Stone Soup version 0.17.0-26-gececa24 (console) character file.

193 gw the Firebug (level 5, 0/40 HPs)
             Began as a Demigod Fire Elementalist on Nov 19, 2015.
             Slain by a giant newt (2 damage)
             ... on level 3 of the Dungeon.
             The game lasted 00:01:47 (3302 turns).

gw the Firebug (Demigod Fire Elementalist)          Turns: 3302, Time: 00:01:47

Health: 0/40       AC:  4    Str: 11    XL:     5   Next: 20%
Magic:  0/12       EV: 12    Int: 21    God:
Gold:   93         SH:  0    Dex: 16    Spells: 3 memorised, 3 levels left

rFire  . . .     SeeInvis .     b - +0 dagger
rCold  . . .     Clarity  .     i - +0 leather armour
rNeg   . . .     SustAt   +     (no shield)
rPois  .         Gourm    .     (no helmet)
rElec  .         Spirit   .     (no cloak)
rCorr  .         Warding  .     (no gloves)
rMut   .         Stasis   .     m - +0 pair of boots
MR     .....                    (no amulet)
Stlth  ++........               (no ring)
                                (no ring)

@: not resistant to hostile enchantments, unstealthy
A: high mp 1, sustain attributes
a: no special abilities


You were on level 3 of the Dungeon.
You were hungry.

You visited 1 branch of the dungeon, and saw 3 of its levels.

You collected 93 gold pieces.

Inventory:

Hand Weapons
 b - a +0 dagger (weapon)
Missiles
 g - 16 bolts of flame
 h - 60 stones (quivered)
 n - 36 bolts
Armour
 i - a +0 leather armour (worn)
 m - a +0 pair of boots (worn)
Scrolls
 d - 5 scrolls of identify
 k - a scroll of remove curse
 o - a scroll of blinking {unknown}
 p - a scroll of magic mapping {unknown}
Potions
 a - a potion of beneficial mutation {unknown}
 f - 2 potions of curing
 j - a potion of lignification {unknown}
Books
 e - a book of Flames

   Spells                             Type                      Level
   a - Flame Tongue                   Conjuration/Fire             1
   b - Throw Flame                    Conjuration/Fire             2
   c - Conjure Flame                  Conjuration/Fire             3
   d - Inner Flame                    Hexes/Fire                   3
   e - Sticky Flame                   Conjuration/Fire             4
   f - Fireball                       Conjuration/Fire             5
Comestibles
 c - 2 bread rations
 l - 2 meat rations
 q - 4 fruits


   Skills:
 + Level 1.5 Fighting
 + Level 1.7 Short Blades
 + Level 1.6 Armour
 - Level 1.7 Dodging
 - Level 1.7 Stealth
 * Level 3.1 Spellcasting
 - Level 0.8 Conjurations
 + Level 3.2 Fire Magic


You had 3 spell levels left.
You knew the following spells:

 Your Spells              Type           Power        Failure   Level  Hunger
a - Flame Tongue          Conj/Fire      ##...        10%         1    None
b - Throw Flame           Conj/Fire      ##....       14%         2    ##.....
c - Sticky Flame          Conj/Fire      ##......     82%         4    ####...


Dungeon Overview and Level Annotations

Branches:
Dungeon (3/15)


Innate Abilities, Weirdness & Mutations

You have an increased reservoir of magic (+10% MP).
Your attributes are resistant to harm.


Message History

ATTACK MOVE TO (1,0)
You closely miss the orc priest.
The orc priest is almost dead.
The giant newt bites you but does no damage.
ATTACK MOVE TO (1,0)
You barely miss the orc priest.
The orc priest is almost dead.
The orc priest mumbles some strange prayers to Beogh against you.
Something smites you! The giant newt barely misses you.
You hear a shout!
ATTACK MOVE TO (1,0)
You closely miss the orc priest.
The orc priest is almost dead.
The giant newt closely misses you.
ATTACK MOVE TO (0,1)
You hit the orc priest but do no damage.
The orc priest is almost dead.
The bat hits you. The bat misses you. The orc priest hits you with a mace.
The giant newt bites you.
You die...

#### . ##### ..
#...# ).. #...#
.... #...# .....
### #...#......
#.#######..pbo.....
#..........ol......
#.#######..........
#.# #...####### #.#
#...# #.# #...# #.#
#...# #############
#.# #....
#............ #.#
#.....
#............


You could see 2 orc priests, a bat and a giant newt.

Table legend:
 A = Turns spent in this place as a percentage of turns spent in the entire game.
 B = Non-inter-level travel turns spent in this place as a percentage of non-inter-level travel turns spent in the entire game.
 C = Inter-level travel turns spent in this place as a percentage of turns spent in this place.
 D = Turns resting spent in this place as a percentage of non-inter-level travel turns spent in this place.
 E = Turns spent auto-exploring this place as a percentage of non-inter-level travel turns spent in this place.
 F = Non-inter-level travel turns spent in this place divided by the number of levels of this place that you've seen.
                   A       B       C       D       E      F
               +-------+-------+-------+-------+-------+----------------------
         Total | 100.0 | 100.0 |   0.5 |   2.7 |   2.7 | 1216.3
       Dungeon | 100.0 | 100.0 |   0.5 |   2.7 |   2.7 | 1216.3
               +-------+-------+-------+-------+-------+----------------------

Table legend:
 A = Kills in this place as a percentage of kills in entire the game.
 B = Kills by you in this place as a percentage of kills by you in the entire game.
 C = Kills by friends in this place as a percentage of kills by friends in the entire game.
 D = Other kills in this place as a percentage of other kills in the entire game.
 E = Experience gained in this place as a percentage of experience gained in the entire game.
 F = Experience gained in this place divided by the number of levels of this place that you have seen.
                   A       B       C       D       E      F
               +-------+-------+-------+-------+-------+----------------------
         Total | 100.0 | 100.0 |  -nan |  -nan | 100.0 |  92.3
       Dungeon | 100.0 | 100.0 |  -nan |  -nan | 100.0 |  92.3
               +-------+-------+-------+-------+-------+----------------------

Vanquished Creatures
  A centaur skeleton (D:3)
  Ijyb (D:2)
  An orc wizard (D:3)
  Jessica (D:2)
  4 adders
  A worm (D:3)
  4 orcs (D:3)
  8 bats
  6 goblins
  A hobgoblin (D:3)
  3 jackals (D:2)
  A quokka (D:3)
  A ball python (D:3)
  2 giant cockroaches (D:3)
  A giant newt (D:2)
  6 kobolds
  6 rats
48 creatures vanquished.

Notes
Turn   | Place    | Note
--------------------------------------------------------------
     0 | D:1      | gw the Demigod Fire Elementalist began the quest for the Orb.
     0 | D:1      | Reached XP level 1. HP: 14/14 MP: 5/5
   840 | D:2      | Noticed Jessica
   847 | D:2      | Reached XP level 2. HP: 15/20 MP: 0/7
   852 | D:2      | Killed Jessica
   852 | D:2      | Reached skill level 1 in Armour
   852 | D:2      | Reached XP level 3. HP: 12/27 MP: 0/9
  1012 | D:2      | Learned a level 2 spell: Throw Flame
  1282 | D:2      | Noticed Ijyb
  1292 | D:2      | Killed Ijyb
  1292 | D:2      | Reached skill level 1 in Fighting
  1580 | D:2      | Reached skill level 1 in Short Blades
  1580 | D:2      | Reached XP level 4. HP: 35/35 MP: 6/11
  1586 | D:2      | Reached skill level 3 in Fire Magic
  1682 | D:2      | Learned a level 4 spell: Sticky Flame
  1818 | D:2      | Learned a level 2 spell: Throw Flame
  2482 | D:3      | Reached XP level 5. HP: 34/40 MP: 5/12
  3302 | D:3      | HP: 2/40 [orc priest/mace (2)]
  3302 | D:3      | Slain by a giant newt

Action                   |  1- 3 |  4- 6 || total
-------------------------+-------+-------++-------
Melee: Dagger            |    12 |    19 ||    31
 Cast: Flame Tongue      |    22 |    26 ||    48
       Throw Flame       |    10 |    37 ||    47
  Use: Potion            |     3 |     3 ||     6
       Scroll            |     3 |     1 ||     4
  Eat: Chunk             |     3 |     6 ||     9

Vault maps used:
D:1:      lightli_arrival_farm, serial_glass, glass_columns_c, glass_columns_b,
          hex_tiny, hangedman_glass_teeth, kennysheep_flooded_box
D:2:      uniq_iyjb, uniq_jessica
